AoeStats
← gordonek320

Arabia

506904983Analyzed
4v4 RM · 17d ago on Sep 15, 2026· 78m 13s· 8 players
Game mode
Random Map
Map size
Large (8 player)
Population
200
Speed
Normal
Resources
Standard
Victory
Conquest
Starting age
Dark Age
Ending age
Imperial Age
RankedLock teamsTeams togetherTeam positionsShared explorationLock speedFull tech treeHidden civsTurbo modeCheats
Victory
Defeat
🇷🇺 Berbers · Russia
784
+12
🇨🇭 Britons · Switzerland
686
+16
🇪🇸 Teutons · Spain
617
+18
🇦🇷 Lithuanians · Argentina
589
+19
🇵🇱 Slavs · Poland
1000
-118
🇵🇱 Franks · Poland
618
-14
🇵🇱 Armenians · Poland
574
-12
🇵🇱 Turks · Poland
537
-11
Dustifey
9:50 Feudal Age
10:52 Double-Bit Axe
11:01 Town Watch
12:11 Horse Collar
16:07 Loom
19:50 Castle Age
17:55 Scale Mail Armor
20:02 Forging
20:16 Pikeman
21:38 Gambesons
21:54 Squires
24:18 Heavy Plow
24:37 Bow Saw
29:38 Gold Mining
29:39 Stone Mining
30:55 Ballistics
29:58 Crossbowman
32:00 Gold Shaft Mining
31:56 Fletching
32:22 Chain Mail Armor
34:50 Bodkin Arrow
34:55 Padded Archer Armor
35:31 Iron Casting
37:13 Wheelbarrow
36:38 Town Patrol
39:06 Leather Archer Armor
43:03 Imperial Age
46:58 Fortified Wall
48:13 Two-Man Saw
49:43 Caravan
50:42 Halberdier
55:21 Bracer
55:52 Ring Archer Armor
61:37 Hand Cart
63:05 Chemistry
62:58 Conscription
63:04 Yeomen
64:30 Blast Furnace
64:00 Plate Mail Armor
63:39 Elite Longbowman
78:00 Hoardings
77:23 Spies/Treason
jonymuros
0:32 Loom
14:09 Feudal Age
15:58 Wheelbarrow
15:09 Town Watch
15:12 Double-Bit Axe
19:26 Horse Collar
21:53 Gold Mining
26:55 Castle Age
25:08 Stone Mining
27:59 Bow Saw
28:28 Stone Shaft Mining
28:50 Hand Cart
30:11 Fletching
37:37 Town Patrol
38:01 Pikeman
38:45 Squires
39:15 Gambesons
40:19 Scale Mail Armor
40:30 Forging
40:17 Bodkin Arrow
45:52 Imperial Age
44:35 Masonry
45:41 Iron Casting
46:17 Caravan
47:40 Two-Man Saw
46:43 Heavy Plow
47:47 Chemistry
47:08 Ballistics
47:19 Siege Engineers
48:55 Conscription
48:07 Sappers
48:59 Crenellations
51:46 Chain Mail Armor
52:32 Blast Furnace
50:58 Elite Teutonic Knight
51:31 Cavalier
52:43 Scale Barding Armor
53:09 Plate Mail Armor
58:42 Bloodlines
59:23 Crop Rotation
60:07 Chain Barding Armor
60:58 Hoardings
60:45 Ironclad
60:50 Fervor
63:16 Onager
64:46 Capped Ram
71:22 Guilds
71:22 Padded Archer Armor
72:31 Plate Barding Armor
72:56 Paladin
74:22 Halberdier
74:23 Man-at-Arms
74:49 Arson
75:24 Leather Archer Armor
74:34 Heavy Scorpion
75:44 Spies/Treason
Light
Luciano24cm
5:59 Loom
9:10 Feudal Age
9:52 Double-Bit Axe
25:17 Castle Age
23:50 Gold Mining
23:42 Horse Collar
23:54 Stone Mining
27:03 Bow Saw
30:13 Fervor
35:12 Fortified Wall
34:58 Murder Holes
37:45 Imperial Age
35:02 Town Watch
36:26 Coinage
36:54 Wheelbarrow
36:19 Town Patrol
37:07 Stone Shaft Mining
36:34 Heavy Plow
36:52 Scale Barding Armor
38:15 Hand Cart
38:32 Chain Barding Armor
38:23 Forging
37:55 Elite Leitis
40:06 Crop Rotation
40:38 Two-Man Saw
40:47 Iron Casting
40:48 Plate Barding Armor
40:04 Fletching
40:14 Padded Archer Armor
42:13 Bloodlines
42:04 Husbandry
49:31 Hill Forts
49:32 Tower Shields
49:46 Tower Shields
50:06 Conscription
50:22 Hoardings
50:28 Conscription
52:15 Clinker Construction
52:16 Careening
52:17 Masonry
51:58 Guard Tower
53:08 Chemistry
57:14 Carvel Hull
57:14 Dry Dock
57:30 Keep
60:55 Bombard Tower
60:56 Ballistics
60:17 Treadmill Crane
60:32 Heated Shot
60:23 Treadmill Crane
61:13 Architecture
60:47 Devotion
61:08 Heresy
62:04 Banking
61:35 Caravan
61:46 Guilds
61:09 Cavalier
61:10 Light Cavalry
62:56 Faith
62:48 Redemption
62:38 Atonement
63:14 Theocracy
62:35 Herbal Medicine
62:56 Block Printing
63:01 Sanctity
63:07 Illumination
62:48 Scale Mail Armor
63:03 Leather Archer Armor
62:43 Bodkin Arrow
63:29 Paladin
63:40 Winged Hussar
63:43 Man-at-Arms
64:22 Long Swordsman
64:23 Pikeman
64:44 Elite Genitour
65:08 Onager
66:09 Fishing Lines
66:41 Medium Warships
65:51 Demolition Ship
65:52 Elite Cannon Galleon
67:00 Gillnets
66:40 Two-Handed Swordsman
66:50 Heavy Cavalry Archer
67:36 Thumb Ring
66:53 Elite Skirmisher
66:53 Crossbowman
68:07 Heavy Warships
67:13 Capped Ram
67:44 Champion
67:45 Halberdier
69:01 Squires
68:46 Arson
69:28 Chain Mail Armor
69:52 Ring Archer Armor
69:37 Bracer
73:45 Spies/Treason
{supa_n1ga}
1:20 Loom
13:34 Feudal Age
16:10 Wheelbarrow
16:20 Horse Collar
19:06 Town Watch
24:48 Castle Age
22:39 Double-Bit Axe
26:09 Bow Saw
26:58 Heavy Plow
29:50 Forging
29:40 Scale Mail Armor
29:31 Fletching
29:41 Padded Archer Armor
36:50 Imperial Age
35:41 Hand Cart
35:27 Caravan
35:32 Gold Mining
35:51 Town Patrol
37:15 Iron Casting
36:55 Chain Mail Armor
39:40 Fereters
41:05 Elite Composite Bowman
45:41 Blast Furnace
44:56 Chain Mail Armor
44:42 Padded Archer Armor
44:37 Bodkin Arrow
51:40 Plate Mail Armor
51:10 Bracer
51:26 Leather Archer Armor
50:40 Man-at-Arms
50:42 Pikeman
52:08 Halberdier
57:48 Ring Archer Armor
63:31 Herbal Medicine
gordonek320
3:27 Loom
13:53 Feudal Age
15:37 Wheelbarrow
17:03 Double-Bit Axe
17:28 Horse Collar
25:02 Gold Mining
25:12 Stone Mining
27:40 Castle Age
34:18 Forging
34:09 Scale Mail Armor
34:10 Padded Archer Armor
34:00 Fletching
34:16 Scale Barding Armor
36:15 Chain Mail Armor
36:35 Iron Casting
37:06 Bow Saw
36:59 Heavy Plow
39:14 Chain Barding Armor
39:10 Leather Archer Armor
38:52 Bodkin Arrow
43:22 Imperial Age
Mr.Lonki
12:27 Loom
20:50 Feudal Age
31:02 Forging
30:52 Scale Mail Armor
30:58 Scale Barding Armor
30:44 Fletching
30:55 Padded Archer Armor
35:16 Castle Age
39:12 Masonry
40:59 Wheelbarrow
40:17 Town Watch
46:34 Horse Collar
48:18 Iron Casting
47:59 Chain Mail Armor
48:04 Chain Barding Armor
47:40 Bodkin Arrow
48:01 Leather Archer Armor
59:29 Hand Cart
Michciax45
11:28 Feudal Age
13:03 Wheelbarrow
12:14 Double-Bit Axe
20:00 Gold Mining
23:49 Castle Age
25:40 Hand Cart
26:04 Coinage
25:47 Husbandry
26:42 Bow Saw
28:04 Scale Barding Armor
28:09 Caravan
34:27 Chain Barding Armor
35:53 Gold Shaft Mining
35:09 Stone Mining
39:06 Forging
42:25 Imperial Age
44:32 Iron Casting
44:00 Scale Mail Armor
44:01 Padded Archer Armor
43:51 Fletching
44:53 Banking
43:45 Cavalier
45:15 Hoardings
45:03 Conscription
46:24 Paladin
53:25 Pikeman
54:07 Squires
53:53 Arson
53:54 Gambesons
53:30 Man-at-Arms
54:37 Halberdier
Connection lost

Rejoining the realm…

Still unreachable

The connection could not be restored.

Session expired

The server has moved on; the page needs a fresh start.